 Dungeon Crawl Stone Soup version 0.30-a0-743-gbfdf073431 (webtiles) character file.

Game seed: 2870927397496112309

48 DeathSun the Martial Artist (level 3, -2/28 HPs)
             Began as a Gnoll Wanderer on Feb 8, 2023.
             Slain by a goblin
             ... wielding a +0 dagger
             ... led by Robin
              (5 damage)
             ... on level 2 of the Dungeon.
             The game lasted 00:01:58 (1078 turns).

DeathSun the Martial Artist (Gnoll Wanderer)        Turns: 1078, Time: 00:01:59

Health: -2/28      AC:  6    Str: 10    XL:     3   Next: 72%
Magic:  4/4        EV: 10    Int: 14    God:
Gold:   80         SH:  0    Dex: 11    Spells: 4/4 levels left

rFire   . . .      SeeInvis +    a - +0 sling
rCold   . . .      Faith    .    (no shield)
rNeg    . . .      Spirit   .    d - +0 ring mail
rPois   .          Reflect  .    (no helmet)
rElec   .          Harm     .    (no cloak)
rCorr   .          Rampage  .    (no gloves)
Will    .....                    (no boots)
Stlth   +                        (no amulet)
HPRegen 0.24/turn                l - ring of see invisible
MPRegen 0.09/turn                (no ring)

@: no status effects
A: fangs 1, strong nose, distributed training
a: no special abilities


You were on level 2 of the Dungeon.
You visited 1 branch of the dungeon, and saw 2 of its levels.

You collected 80 gold pieces.

Inventory:

Hand Weapons
 a - a +0 sling (weapon)
Armour
 d - a +0 ring mail (worn)
Jewellery
 l - a ring of see invisible (left hand)
Scrolls
 b - a scroll of fear
 e - a scroll of butterflies
 i - a scroll of teleportation {unknown}
 k - 4 scrolls of identify {unknown}
 m - a scroll of magic mapping {unknown}
 n - a scroll of immolation {unknown}
 o - 2 scrolls of vulnerability {unknown}
 p - a scroll of enchant weapon {unknown}
 q - a scroll of amnesia {unknown}
 r - a scroll of brand weapon {unknown}
Potions
 c - a potion of brilliance
 f - a potion of curing {unknown}
 g - 2 potions of haste {unknown}
 h - a potion of flight {unknown}
 j - a potion of degeneration {unknown}


   Skills:
 + Level 2.6 Fighting
 + Level 1.0 Short Blades
 + Level 1.0 Long Blades
 + Level 1.0 Axes
 + Level 1.0 Maces & Flails
 + Level 1.0 Polearms
 + Level 1.0 Staves
 + Level 4.6 Ranged Weapons
 + Level 1.0 Throwing
 + Level 4.6 Armour
 + Level 1.0 Dodging
 + Level 2.4 Stealth
 + Level 1.0 Shields
 + Level 8.5 Unarmed Combat
 + Level 1.0 Spellcasting
 + Level 0.7 Conjurations
 + Level 0.7 Hexes
 + Level 0.7 Summonings
 + Level 0.7 Necromancy
 + Level 0.7 Translocations
 + Level 0.7 Transmutations
 + Level 0.7 Fire Magic
 + Level 0.7 Ice Magic
 + Level 0.7 Air Magic
 + Level 0.7 Earth Magic
 + Level 0.7 Poison Magic
 + Level 1.0 Invocations
 + Level 1.0 Evocations


You had 4 spell levels left.
You didn't know any spells.
Your spell library was empty.

Dungeon Overview and Level Annotations

Branches:
Dungeon (2/15)

Altars:

Annotations:
D:2 Robin


Innate Abilities, Weirdness & Mutations

You have very sharp teeth.
Your uncanny sense of smell can sniff out nearby items.
Your experience applies equally to all skills.


Message History

You shoot a sling bullet.
The sling bullet barely misses the hobgoblin.
The sling bullet completely misses the goblin.
The hobgoblin hits you but does no damage.
Robin roars a battlecry!
The goblins go into a battle-frenzy!
You shoot a sling bullet.
The sling bullet hits the hobgoblin but does no damage.
A goblin comes into view. It is wielding a +0 dagger.
The hobgoblin hits you but does no damage.
Robin throws the goblin at you!
You shoot a sling bullet. The sling bullet hits the goblin.
You kill the goblin!
The hobgoblin hits you. Robin throws the goblin at you!
The goblin hits you but does no damage.
You shoot a sling bullet.
The sling bullet barely misses the goblin.
The hobgoblin hits you but does no damage.
The goblin hits you but does no damage.
A hobgoblin comes into view.
The goblin hits you with a +0 dagger. The hobgoblin hits you.
You shoot a sling bullet. The sling bullet misses the goblin.
The goblin hits you with a +0 dagger.
* * * LOW HITPOINT WARNING * * *
The hobgoblin hits you.
* * * LOW HITPOINT WARNING * * *
You shoot a sling bullet.
The sling bullet barely misses the goblin.
The hobgoblin barely misses you.
Robin roars a battlecry!
The goblin goes into a battle-frenzy!
The goblin barely misses you.
You shoot a sling bullet. The sling bullet hits the goblin.
The goblin is heavily wounded.
The hobgoblin barely misses you.
The goblin hits you but does no damage. x2
The hobgoblin closely misses you.
You shoot a sling bullet.
The sling bullet closely misses the goblin.
The goblin hits you with a +0 dagger.
You die...

# ##..#### #.#.......##.###.#
#..## #.#.......##.# #..
##...#####.##.....###.# ### #
##..........###...## #.##### ##
##.......######.#.### #.##...
.####.........##........###......
....'.........'..................
>####.........##g#...##.######...
## ##.......###@#......# #.## ##
##.....## #g#.#.#### ####.## .#
##)..## #gg... #...... ##
#####'## ###.## #.##...
#####...### #.# #.##.#.
#≈≈≈~~~≈≈# # #.##.#. ### #...####
#.##... #.# ##.....## #.####.
#.#####.)...# #.# #.


You could see Robin, a hobgoblin (strong) and 2 goblins.

Vanquished Creatures
  A worm (D:2)
  3 dart slugs
  2 endoplasms
  7 goblins
  2 hobgoblins
  2 jackals (D:1)
  A kobold (D:2)
  3 quokkas
  4 ball pythons
  7 bats
  A frilled lizard (D:1)
  2 rats (D:1)
35 creatures vanquished.

Notes
Turn   | Place    | Note
-------+----------+-------------------------------------------
     0 | D:1      | DeathSun the Gnoll Wanderer began the quest for the Orb.
     0 | D:1      | DeathSun set off with the following items: a +0 sling, a
                  | scroll of fear, a potion of brilliance, a +0 ring mail, a
                  | scroll of butterflies.
     0 | D:1      | Reached XP level 1. HP: 17/17 MP: 1/1
    93 | D:1      | Reached XP level 2. HP: 23/23 MP: 2/2
   440 | D:1      | Reached XP level 3. HP: 22/28 MP: 3/3
   670 | D:2      | Reached skill level 1 in Invocations
  1011 | D:2      | Reached skill level 1 in Short Blades
  1011 | D:2      | Reached skill level 1 in Long Blades
  1011 | D:2      | Reached skill level 1 in Axes
  1011 | D:2      | Reached skill level 1 in Maces & Flails
  1011 | D:2      | Reached skill level 1 in Polearms
  1011 | D:2      | Reached skill level 1 in Staves
  1011 | D:2      | Reached skill level 1 in Throwing
  1011 | D:2      | Reached skill level 1 in Dodging
  1011 | D:2      | Reached skill level 1 in Shields
  1011 | D:2      | Reached skill level 1 in Spellcasting
  1011 | D:2      | Reached skill level 1 in Evocations
  1068 | D:2      | Identified the +1 helmet of Crawling {Str+3}
  1068 | D:2      | Noticed Robin
  1078 | D:2      | Slain by a goblin

Illustrated notes

Levels and vault maps discovered:
D:1:      erik_arrival_triangle_small, layout_rooms
D:2:      layout_loops_corners, serial_rivers, chequers_serial_rivers_large_a,
          chequers_serial_rivers_micro_c, chequers_serial_rivers_small_b,
          chequers_serial_rivers_micro_d, chequers_serial_rivers_micro_a,
          chequers_serial_rivers_micro_b, uniq_robin

Skill      XL: |  1  2  3 |
---------------+----------+-----
Invocations    | 1 |  1.0
Short Blades   | 1 |  1.0
Long Blades    | 1 |  1.0
Axes           | 1 |  1.0
Maces & Flails | 1 |  1.0
Polearms       | 1 |  1.0
Staves         | 1 |  1.0
Throwing       | 1 |  1.0
Dodging        | 1 |  1.0
Shields        | 1 |  1.0
Spellcasting   | 1 |  1.0
Evocations     | 1 |  1.0
Fighting       | |  2.6
Ranged Weapons | |  4.6
Armour         | |  4.6
Stealth        | |  2.4
Unarmed Combat | |  8.5
Conjurations   | |  0.7
Hexes          | |  0.7
Summonings     | |  0.7
Necromancy     | |  0.7
Translocations | |  0.7
Transmutations | |  0.7
Fire Magic     | |  0.7
Ice Magic      | |  0.7
Air Magic      | |  0.7
Earth Magic    | |  0.7
Poison Magic   | |  0.7

Action                     || total
---------------------------++-------
   Fire: Sling             ||   129
 Armour: Ring mail         ||    37
  Dodge: Dodged            ||    42

Table legend: (Time is in decaauts)
 A = Elapsed time spent in this place.
 B = Non-inter-level travel time spent in this place.
 C = Inter-level travel time spent in this place.
 D = Time resting spent in this place.
 E = Time spent auto-exploring this place.
 F = Levels seen in this place.
 G = Mean time per level.
                   A        B        C        D        E       F      G
               +--------+--------+--------+--------+--------+-----+--------+
         Total |   1117 |   1081 |     36 |      0 |    854 |   2 |  558.5 |
       Dungeon |   1117 |   1081 |     36 |      0 |    854 |   2 |  558.5 |
               +--------+--------+--------+--------+--------+-----+--------+

Top non-repeatable levels by time:
     D:1: 569 daAuts
     D:2: 547 daAuts
